 Dungeon Sprint DCSS version 0.29.1-15-g9cfb28693d (webtiles) character file.

Game seed: 10817304330993349784

164 DiggyJ the Trooper (level 5, 0/70 HPs)
             Began as a Demonspawn Berserker on Apr 5, 2023.
             Was a Priest of Trog.
             Slain by a rust devil (8 damage)
             ... summoned by a kobold demonologist
             ... in the Dungeon (Sprint III: "The Ten Rune Challenge").
             The game lasted 00:01:21 (508 turns).

DiggyJ the Trooper (Demonspawn Berserker)            Turns: 508, Time: 00:01:21

Health: 0/70       AC: -13   Str: 17    XL:     5   Next: 21%
Magic:  5/5        EV: 13    Int:  9    God:    Trog [***...]
Gold:   14         SH:  0    Dex: 12    Spells: 4/4 levels left

rFire   . . .      SeeInvis .   a - +0 hand axe
rCold   . . .      Faith    .   (no shield)
rNeg    . . .      Spirit   .   b - +0 animal skin
rPois   .          Reflect  .   (no helmet)
rElec   .          Harm     .   (no cloak)
rCorr   .          Rampage  .   (no gloves)
Will    .....      NoTele   +   (no boots)
Stlth   ..........              (no amulet)
HPRegen 0.21/turn               (no ring)
MPRegen 0.18/turn               (no ring)

@: berserking (expiring), corroded, very quick
A: magic regeneration, sturdy frame 1, weak 1
a: Renounce Religion, Berserk, Trog's Hand


You were in the Dungeon.
You worshipped Trog.
Trog was most pleased with you.
You visited 1 branch You collected 14 gold pieces.

Inventory:

Hand Weapons
 a - a +0 hand axe (weapon)
Armour
 b - a +0 animal skin (worn)
Scrolls
 h - a scroll of blinking
 j - a scroll of torment {unknown}
 k - a scroll of identify {unknown}
 m - a scroll of immolation {unknown}
 n - a scroll of poison {unknown}
Potions
 c - a potion of curing
 d - a potion of heal wounds
 e - a potion of haste
 f - 3 potions of magic
 g - a potion of berserk rage
 l - a potion of flight {unknown}
 o - a potion of attraction {unknown}


   Skills:
 + Level 6.8 Fighting
 + Level 6.8 Axes
 + Level 3.1 Armour
 + Level 3.8 Dodging
 + Level 1.7 Stealth


You had 4 spell levels left.
You didn't know any spells.
Your spell library was empty.

Dungeon Overview and Level Annotations

Branches:
Dungeon (1/1)

Altars:
Kikubaaqudgha
Sif Muna
Vehumet


Innate Abilities, Weirdness & Mutations

You regenerate magic rapidly.
Your movements are slightly less encumbered by armour. (ER -2)
You are weak. (Str -2)


Message History

Trog appreciates your killing of a magic user.
You barely miss the kobold demonologist.
You barely miss the kobold demonologist.
The kobold demonologist is moderately wounded.
You barely miss the rust devil.
The kobold demonologist gestures wildly while chanting.
You closely miss the kobold demonologist.
The kobold demonologist is moderately wounded.
You barely miss the rust devil. The rust devil hits you!
The rust devil corrodes you!
You closely miss the kobold demonologist.
The kobold demonologist is moderately wounded.
You closely miss the rust devil.
The kobold demonologist closely misses you.
The rust devil hits you! The rust devil corrodes you!
You barely miss the kobold demonologist.
The kobold demonologist is moderately wounded.
You hit the rust devil.
The kobold demonologist closely misses you.
You hit the kobold demonologist but do no damage.
The kobold demonologist is moderately wounded.
You barely miss the rust devil. The rust devil hits you!
* * * LOW HITPOINT WARNING * * *
The rust devil corrodes you!
You hit the kobold demonologist but do no damage.
The kobold demonologist is moderately wounded.
You hit the rust devil.
The kobold demonologist begins to cast a cantrip, but forgets the words!
The rust devil hits you.
* * * LOW HITPOINT WARNING * * *
The rust devil corrodes you!
You hit the kobold demonologist.
The kobold demonologist is moderately wounded.
You barely miss the rust devil.
The kobold demonologist barely misses you.
You hit the kobold demonologist but do no damage.
The kobold demonologist is moderately wounded.
You hit the rust devil but do no damage.
The rust devil hits you!
You die...

.#......#####..#
##.......#..#..#
.##.##...#..#..###+#+###
.##.###..##'#..#........
####.##..###...'.⌠......
##..##..####...#...#####
....##..###....#.⌠.#
#†.##...##÷....#...#
..##....#......#@###
.###..##.#.....#K4$# .#
#.. ####....#55_# ▓▓ ▓▓▓
▓▓▓▓▓▓▓▓▓▓


You could see a rust devil (summoned), a kobold demonologist, a quasit
(summoned) and a white imp (summoned).

Vanquished Creatures
  A water elemental (D)
  A scorpion (D)
  A wizard (D)
  A human (D)
  An endoplasm (D)
  3 rats (D)
8 creatures vanquished.

Notes
Turn   | Place    | Note
-------+----------+-------------------------------------------
     0 | D        | DiggyJ the Demonspawn Berserker began the quest for the
                  | Orb.
     0 | D        | Reached XP level 1. HP: 18/18 MP: 1/1
    64 | D        | Reached ** piety under Trog
   104 | D        | Noticed a scorpion
   112 | D        | Gained mutation: You regenerate magic rapidly. [demonic
                  | ancestry]
   112 | D        | Reached XP level 2. HP: 8/25 MP: 2/2
   112 | D        | Killed a scorpion
   113 | D        | Reached skill level 5 in Fighting
   113 | D        | Reached skill level 5 in Axes
   113 | D        | Reached skill level 1 in Stealth
   113 | D        | Reached XP level 3. HP: 9/33 MP: 3/3
   113 | D        | Gained mutation: Your movements are slightly less
                  | encumbered by armour. (ER -2) [demonic ancestry]
   113 | D        | Reached XP level 4. HP: 11/39 MP: 4/4
   304 | D        | Gained mutation: You have large cloven feet. [potion of
                  | mutation]
   304 | D        | Gained mutation: You have a pair of small horns on your
                  | head. [potion of mutation]
   305 | D        | Lost mutation: You have large cloven feet. [potion of
                  | mutation]
   305 | D        | Lost mutation: You have a pair of small horns on your head.
                  | [potion of mutation]
   305 | D        | Gained mutation: Your spells are a little harder to cast,
                  | but a little more powerful. [potion of mutation]
   305 | D        | Gained mutation: Your body sometimes deteriorates upon
                  | taking damage. [potion of mutation]
   306 | D        | Lost mutation: Your body sometimes deteriorates upon taking
                  | damage. [potion of mutation]
   306 | D        | Lost mutation: Your spells are a little harder to cast, but
                  | a little more powerful. [potion of mutation]
   306 | D        | Gained mutation: Your flesh is cold resistant. (rC+)
                  | [potion of mutation]
   306 | D        | Gained mutation: You have a pair of small antennae on your
                  | head. [potion of mutation]
   307 | D        | Lost mutation: Your flesh is cold resistant. (rC+) [potion
                  | of mutation]
   307 | D        | Lost mutation: You have a pair of small antennae on your
                  | head. [potion of mutation]
   307 | D        | Gained mutation: You are weak. (Str -2) [potion of
                  | mutation]
   389 | D        | Noticed a water elemental
   396 | D        | Killed a water elemental
   397 | D        | Reached XP level 5. HP: 47/47 MP: 5/5
   493 | D        | Found a radiant altar of Vehumet.
   493 | D        | Found a shimmering blue altar of Sif Muna.
   493 | D        | Found an ancient bone altar of Kikubaaqudgha.
   497 | D        | Noticed a rust devil
   500 | D        | Reached *** piety under Trog
   508 | D        | Slain by a rust devil

Illustrated notes

Levels and vault maps discovered:
D:        dungeon_sprint_mu [sprint_mu_entry_cave, sprint_mu_temple_rooms,
          sprint_mu_d1_horrors, sprint_mu_d2_genie, sprint_mu_d3_branching,
          sprint_mu_orc_legion, sprint_mu_elf_gauntlet, sprint_mu_hive_nellie,
          sprint_mu_lair_fedhas, sprint_mu_vaults_butterflies,
          sprint_mu_slime_circle, sprint_mu_swamp_cave, sprint_mu_shoals_kraken,
          sprint_mu_blade_basic, sprint_mu_crypt_fortress,
          sprint_mu_tomb_spiral, sprint_mu_vestibule_basic,
          sprint_mu_gehenna_hellfire, sprint_mu_dis_giant,
          sprint_mu_tartarus_statrot, sprint_mu_cocytus_islands, sprint_mu_zot1]

Skill      XL: |  1  2  3  4 |
---------------+-------------+-----
Axes           | 4 5 6 |  6.8
Armour         | 2 3 |  3.1
Fighting       | 4 5 6 |  6.8
Dodging        | 2 3 |  3.8
Stealth        | 1 |  1.7

Action                   |  1- 3 |  4- 6 || total
-------------------------+-------+-------++-------
Melee: Hand axe          |    14 |    18 ||    32
Invok: Berserk           |     1 |     2 ||     3
  Use: Potion            |       |     4 ||     4
 Stab: Sleeping          |     1 |       ||     1
Armor: Animal skin       |     1 |       ||     1
Dodge: Dodged            |    12 |     6 ||    18
